 Dungeon Crawl Stone Soup version 0.29.1-1-gd02db6906a (webtiles) character file.

Game seed: 8666969131229025161

146 GigaChad the Trooper (level 5, -12/48 HPs)
             Began as a Minotaur Fighter on Oct 7, 2022.
             Was a Follower of Zin.
             Mangled by an ogre
             ... wielding a +0 giant spiked club
              (28 damage)
             ... on level 3 of the Dungeon on Oct 10, 2022.
             The game lasted 00:05:24 (2024 turns).

GigaChad the Trooper (Minotaur Fighter)             Turns: 2024, Time: 00:05:25

Health: -12/48     AC:  7    Str: 23    XL:     5   Next: 7%
Magic:  4/4        EV:  9    Int:  5    God:    Zin [*.....]
Gold:   49         SH:  4    Dex:  9    Spells: 4/4 levels left

rFire   . . .      SeeInvis .   a - +0 long sword
rCold   . . .      Faith    .   c - +0 buckler
rNeg    . . .      Spirit   .   b - +0 scale mail
rPois   .          Reflect  .   (helmet restricted)
rElec   .          Harm     .   (no cloak)
rCorr   .          Rampage  .   (no gloves)
Will    .....                   (no boots)
Stlth   ..........              (no amulet)
HPRegen 0.16/turn               (no ring)
MPRegen 0.09/turn               (no ring)

@: no status effects
A: horns 2, retaliatory headbutt
a: Renounce Religion, Recite, Donate Gold


You were on level 3 of the Dungeon.
You worshipped Zin.
Zin was aware of your devotion.
You visited 1 branch of the dungeon, and saw 3 of its levels.

You collected 54 gold pieces.
You donated 5 gold pieces to Zin.

Inventory:

Hand Weapons
 a - a +0 long sword (weapon)
 l - a +3 whip of venom
Armour
 b - a +0 scale mail (worn)
 c - a +0 buckler (worn)
 f - an orb of wrath
Jewellery
 k - a ring of poison resistance
Scrolls
 e - 3 scrolls of identify
Potions
 d - 2 potions of might
 g - a potion of magic
 h - a potion of heal wounds {unknown}
 i - a potion of flight {unknown}
 j - 2 potions of lignification {unknown}


   Skills:
 + Level 5.2 Fighting
 - Level 4.0 Long Blades
 - Level 4.0 Armour
 - Level 0.1 Dodging
 - Level 0.3 Stealth
 - Level 4.4 Shields


You had 4 spell levels left.
You didn't know any spells.
Your spell library contained the following spells:

 Spells                   Type           Power      Damage    Failure   Level
 Scorch                   Fire           0%         2d5       95%         2
 Flame Wave               Conj/Fire      0%         2d4       100%        4
 Summon Cactus Giant      Summ           0%         N/A       100%        6


Dungeon Overview and Level Annotations

Branches:
Dungeon (3/15)

Altars:
Zin


Innate Abilities, Weirdness & Mutations

You have a pair of horns on your head.
You reflexively headbutt those who attack you in melee.


Message History

You slash the fungus!
The fungus begins to die.
The fungus is lightly damaged.
You hit the fungus.
The fungus is lightly damaged.
The gnoll hits you but does no damage.
You are poisoned.
You feel sick.
A nearby fungus withers and dies.
The gnoll barely misses you.
You slash the gnoll! You headbutt the gnoll.
You kill the gnoll!
You feel sick.
You have reached level 5!
You feel sick.
You feel sick.
You feel sick.
You feel sick.
You are no longer poisoned.
You see here a +3 whip of venom.
You start resting.
HP restored.
You start waiting.
An ogre comes into view. It is wielding a +0 giant spiked club.
The ogre shouts!
You see here a +3 whip of venom.
l - a +3 whip of venom The ogre barely misses you.
You see here 14 gold pieces.
You barely miss the ogre. You headbutt the ogre!
The ogre is heavily wounded.
The ogre barely misses you.
You hit the ogre.
The ogre is heavily wounded.
The ogre hits you with a +0 giant spiked club!!
You completely miss the ogre.
The ogre is heavily wounded.
The ogre hits you with a +0 giant spiked club!
You barely miss the ogre.
The ogre is heavily wounded.
The ogre hits you with a +0 giant spiked club!!
Ouch! That really hurt!
You die...

############
...........#
~~~~~~~...P#
~≈≈≈≈≈O@...#
#####≈~$...#
#≈~....#
#≈~....#
###≈~....#
#.~≈≈....#
#.~~~....#
#[~≈~....#
#.≈≈≈..P.#


You could see an ogre.

Vanquished Creatures
  A howler monkey (D:3)
  A gnoll (D:3)
  4 adders (D:2)
  2 worms (D:2)
  2 dart slugs (D:1)
  2 bats (D:1)
  2 endoplasms
  4 hobgoblins
  9 jackals (D:3)
  A quokka (D:2)
  3 ball pythons
  4 frilled lizards
  9 goblins
  3 kobolds
  2 rats
49 creatures vanquished.

Vanquished Creatures (others)
  A fungus (D:3)
  2 plants (D:3)
3 creatures vanquished.

Grand Total: 52 creatures vanquished

Notes
Turn   | Place    | Note
-------+----------+-------------------------------------------
     0 | D:1      | GigaChad the Minotaur Fighter began the quest for the Orb.
     0 | D:1      | Reached XP level 1. HP: 19/19 MP: 0/0
   330 | D:1      | Reached skill level 4 in Fighting
   330 | D:1      | Reached XP level 2. HP: 19/27 MP: 1/1
  1187 | D:2      | Reached XP level 3. HP: 33/33 MP: 2/2
  1249 | D:2      | Found a faded altar of an unknown god.
  1278 | D:2      | Prayed at the altar of an unknown god.
  1278 | D:2      | Became a worshipper of Zin the Law-Giver
  1278 | D:2      | Reached * piety under Zin
  1297 | D:2      | Reached XP level 4. HP: 40/40 MP: 3/3
  1743 | D:3      | Reached skill level 5 in Fighting
  1961 | D:3      | Reached XP level 5. HP: 45/48 MP: 4/4
  2013 | D:3      | Noticed an ogre
  2024 | D:3      | Mangled by an ogre

Illustrated notes

Levels and vault maps discovered:
D:1:      reono_arrival_forest_river, layout_basic, serial_co_window_serial,
          co_window_paths_b, co_window_of_opportunity_a, co_window_corner_a,
          co_window_corner_a, co_window_corner_a, co_window_corner_ca,
          co_window_2corner, co_window_corner_b, co_window_4corner_a,
          glass_columns_a, glass_columns_b
D:2:      minmay_diamond_boxcup, layout_loops_ring, basic_ecumenical_altar
D:3:      lemuel_castle_with_subvaults [lemuel_castle_interior_carwin_2],
          layout_loops_cross, grunt_temple_overflow_gold_and_silver,
          nicolae_uskayaw_suspiria, minmay_stone_trees_small

Skill      XL: |  1  2  3  4 |
---------------+-------------+-----
Fighting       | 4 5 |  5.2
Shields        | 4 |  4.4
Armour         | 4 |  4.0
Long Blades    | 3 4 |  4.0
Dodging        | |  0.1
Stealth        | |  0.3

Action                   |  1- 3 |  4- 6 || total
-------------------------+-------+-------++-------
Melee: Long sword        |    57 |    43 ||   100
       Headbutt          |    11 |     6 ||    17
  Use: Scroll            |       |     1 ||     1
Armor: Scale mail        |    28 |    31 ||    59
Dodge: Dodged            |    29 |    28 ||    57
Block: Buckler           |    16 |     8 ||    24
